 Dungeon Crawl Stone Soup version 0.29-a0-337-g68df138881 (webtiles) character file.

Game seed: 2549934941962219260

2560 Agony the Magician (level 9, -4/72 HPs)
             Began as a Mummy Cinder Acolyte on Apr 17, 2022.
             Was a Believer of Ignis.
             Slain by a boulder beetle (8 damage)
             ... on level 7 of the Dungeon.
             The game lasted 00:41:54 (12101 turns).

Agony the Magician (Mummy Cinder Acolyte)          Turns: 12101, Time: 00:41:54

Health: -4/72      AC:  4    Str: 23    XL:     9   Next: 31%
Magic:  17/20      EV: 11    Int: 15    God:    Ignis [**....]
Gold:   103        SH:  0    Dex: 10    Spells: 18/23 levels left

rFire   + . .      SeeInvis .   p - +2 falchion (protect)
rCold   + . .      Faith    .   (no shield)
rNeg    + + +      Spirit   .   b - +2 robe {rF+}
rPois   ∞          Reflect  .   (no helmet)
rElec   .          Harm     .   (no cloak)
rCorr   .          Rampage  .   (no gloves)
Will    +....                   (no boots)
Stlth   +.........              (no amulet)
HPRegen 0.22/turn               j - +6 ring of strength
MPRegen 0.17/turn               (no ring)

@: no status effects
A: cold resistance 1, negative energy resistance 3, torment resistance 2, heat
vulnerability 1, in touch with death 1, no potions
a: Renounce Religion, Fiery Armour, Foxfire Swarm, Rising Flame


You were on level 7 of the Dungeon.
You worshipped Ignis.
Ignis was pleased with you.
You visited 1 branch of the dungeon, and saw 7 of its levels.

You collected 394 gold pieces.
You spent 291 gold pieces at shops.

Inventory:

Hand Weapons
 a - a +0 falchion of flaming
 f - a +0 vorpal arbalest
 i - the +8 dagger "Eduhazxy" {vorpal, rC+ Will+}
   (You found it on level 4 of the Dungeon)

   It inflicts extra damage upon your enemies.
   rC:        It protects you from cold.
   Will:      It increases your willpower.
 p - a +2 falchion of protection (weapon)
Armour
 b - a +2 robe of fire resistance (worn)
Jewellery
 c - a +4 ring of protection
 j - a +6 ring of strength (left hand)
Wands
 e - a wand of acid (1) (quivered)
 o - a wand of charming (7)
Scrolls
 d - 2 scrolls of enchant armour
 g - 5 scrolls of teleportation
 h - 6 scrolls of identify
 k - a scroll of fear
 l - 2 scrolls of blinking
 m - 2 scrolls of enchant weapon
 n - a scroll of immolation


   Skills:
 + Level 7.0 Fighting
 + Level 5.8 Long Blades
 + Level 7.6 Spellcasting
 + Level 5.8 Fire Magic


You had 18 spell levels left.
You knew the following spells:

 Your Spells              Type           Power      Damage    Failure   Level
a - Scorch                Fire           46%        2d7       1%          2
b - Conjure Flame         Conj/Fire      14%        6-21      11%         3

Your spell library contained the following spells:

 Spells                   Type           Power      Damage    Failure   Level
 Inner Flame              Hex/Fire       14%        N/A       11%         3
 Ignite Poison            Fire/Tmut/Pois 11%        N/A       17%         3
 Ensorcelled Hibernation  Hex/Ice        10%        N/A       19%         2
 Poisonous Vapours        Pois/Air       10%        N/A       19%         2
 Sticky Flame             Conj/Fire      14%        2d4       36%         4
 Anguish                  Hex/Necr       4%         N/A       77%         4
 Cause Fear               Hex            2%         N/A       77%         4
 Dispel Undead            Necr           8%         3d8       77%         4
 Silence                  Hex/Air        2%         N/A       98%         5
 Discord                  Hex            2%         N/A       100%        8
 Spider Form              Tmut/Pois      Unusable   N/A       N/A         3

Dungeon Overview and Level Annotations

Branches:
Dungeon (7/15)             Temple (0/1) D:6

Altars:
Ashenzari
Dithmenos
Elyvilon
Okawaru
Vehumet

Shops:
D:3 (   D:5 [   D:7 ?


Innate Abilities, Weirdness & Mutations

You are immune to poison.
Your flesh is cold resistant. (rC+)
You are immune to negative energy. (rN+++)
You are immune to unholy pain and torment.
You are vulnerable to heat. (rF-)
You are in touch with the powers of death.
You do not drink.


Message History

There is a stone staircase leading down here.
Casting: Scorch (safe; 1% risk of failure)
Confirm with . or Enter, or press ? or * to list all spells.
Flames lash the gnoll.
The gnoll is burned terribly!
You kill the gnoll!
You start resting.
HP restored.
You start resting.
Magic restored.
You climb downwards.
The boulder beetle bites you!!
There is a stone staircase leading up here.
Casting: Scorch (safe; 1% risk of failure)
Confirm with . or Enter, or press ? or * to list all spells.
Flames lash the boulder beetle but do no damage.
The boulder beetle bites you!!
Casting: Scorch (safe; 1% risk of failure)
Confirm with . or Enter, or press ? or * to list all spells.
Flames lash the gnoll sergeant.
The gnoll sergeant is moderately wounded.
The gnoll sergeant's fire resistance burns away.
The boulder beetle bites you!
* * * LOW HITPOINT WARNING * * *
The gnoll sergeant hits you from afar with a +2 vorpal trident.
* * * LOW HITPOINT WARNING * * *
x2 A gnoll comes into view. It is wielding a +0 halberd.
The boulder beetle attacks as you move away!
The boulder beetle bites you.
* * * LOW HITPOINT WARNING * * *
The boulder beetle attacks as you move away!
The boulder beetle bites you but does no damage.
The boulder beetle curls into a ball and begins rolling!
The gnoll sergeant is no longer more vulnerable to fire.
The boulder beetle hits you!
* * * LOW HITPOINT WARNING * * *
The boulder beetle stops rolling and uncurls.
The boulder beetle attacks as you move away!
The boulder beetle bites you but does no damage.
The boulder beetle attacks as you move away!
The boulder beetle bites you!
You die...

##..# #.....<#.#.. ...#
#..♣...#....
#.[..####### #.♣∩♣# #
#.#..# # #.#♣.# #.##.#
##############.##.###
#....g.B@...........#
##g#######.#######.#.##
# ##...## #.#
##....#### #.##.....##
#.######......... .
#.#.......#
#.#............#.
.##.......$.#
#.#.####...###.#.
..g#.......####.#.#
##.## #...
##.##......#....#.# #.#
#...
#.....$..#.#.####.#
##.# #...


You could see a boulder beetle, a gnoll sergeant and a gnoll.

Vanquished Creatures
  A deep elf pyromancer (D:7)
  A troll (D:6)
  Duvessa (D:5)
  An orc warrior (D:6)
  Pargi (D:3)
  An ice beast (D:6)
  4 black bears
  An ogre (D:5)
  A centaur (D:6)
  A phantom (D:5)
  Blork the orc (D:4)
  A bullfrog (D:6)
  2 necrophages
  Dowan (D:5)
  2 howler monkeys (D:6)
  2 hounds (D:6)
  A gnoll shaman (D:4)
  3 orc priests
  Terence (D:3)
  2 iguanas (D:5)
  Ijyb (D:3)
  10 gnolls
  5 adders
  A shadow imp (D:6)
  A white imp (D:6)
  3 worms
  A dart slug (D:1)
  25 orcs
  4 endoplasms
  4 giant cockroaches
  5 goblins
  10 hobgoblins
  8 jackals (D:1)
  4 quokkas
  6 ball pythons
  3 bats
  2 frilled lizards (D:1)
  9 kobolds
  5 rats
136 creatures vanquished.

Vanquished Creatures (collateral kills)
  An adder (D:3)
  A ball python (D:3)
2 creatures vanquished.

Vanquished Creatures (others)
  A jelly (D:7)
  3 plants (D:4)
4 creatures vanquished.

Grand Total: 142 creatures vanquished

Notes
Turn   | Place    | Note
-------+----------+-------------------------------------------
     0 | D:1      | Agony the Mummy Cinder Acolyte began the quest for the Orb.
     0 | D:1      | Reached XP level 1. HP: 18/18 MP: 2/2
   512 | D:1      | Reached XP level 2. HP: 14/24 MP: 4/4
   679 | D:1      | Found a faded altar of an unknown god.
  1553 | D:1      | Gained mutation: You are in touch with the powers of death.
                  | [Mummy growth]
  1553 | D:1      | Reached XP level 3. HP: 6/29 MP: 6/6
  3484 | D:2      | Reached XP level 4. HP: 32/36 MP: 7/7
  4288 | D:3      | Found Kepoemai's Weapon Shoppe.
  4491 | D:3      | Noticed Pargi
  4664 | D:3      | Found a shadowy altar of Dithmenos.
  4664 | D:3      | Found a radiant altar of Vehumet.
  4789 | D:3      | Reached XP level 5. HP: 37/42 MP: 9/9
  5159 | D:3      | Noticed Terence
  5173 | D:3      | Killed Terence
  5346 | D:3      | Noticed Ijyb
  5361 | D:3      | Killed Pargi
  5362 | D:3      | Reached XP level 6. HP: 16/49 MP: 11/11
  5364 | D:3      | Killed Ijyb
  5567 | D:3      | Learned a level 2 spell: Scorch
  5576 | D:3      | Bought a +0 arbalest of freezing for 111 gold pieces
  6645 | D:4      | Identified the +8 dagger "Eduhazxy" {vorpal, rC+ Will+}
  6764 | D:4      | Noticed Blork the orc
  6786 | D:4      | Killed Blork the orc
  6787 | D:4      | Reached XP level 7. HP: 28/55 MP: 11/13
  7487 | D:5      | Entered Level 5 of the Dungeon
  7505 | D:5      | Reached skill level 5 in Fighting
  7588 | D:5      | Reached skill level 5 in Spellcasting
  7753 | D:5      | Noticed Dowan
  7753 | D:5      | Noticed Duvessa
  8062 | D:5      | Killed Duvessa
  8304 | D:5      | Killed Dowan
  8411 | D:5      | Found Kytyor's Armour Shop.
  8546 | D:5      | Got the Volume of Ghastly Weightlessness
  8836 | D:5      | Found an iron altar of Okawaru.
  8842 | D:5      | Reached XP level 8. HP: 61/63 MP: 16/16
  9637 | D:6      | Found a staircase to the Ecumenical Temple.
  9824 | D:6      | Reached skill level 5 in Fire Magic
  9985 | D:6      | Reached skill level 5 in Long Blades
 10385 | D:6      | Noticed a troll
 10394 | D:6      | Killed a troll
 10615 | D:6      | Found a broken altar of Ashenzari.
 10657 | D:6      | Reached XP level 9. HP: 71/71 MP: 12/19
 10841 | D:6      | Learned a level 3 spell: Conjure Flame
 11103 | D:7      | Found Fyqox's Magic Scroll Shoppe.
 11110 | D:7      | Bought a scroll of blinking for 90 gold pieces
 11110 | D:7      | Bought a scroll of enchant weapon for 90 gold pieces
 11150 | D:7      | Noticed a deep elf pyromancer
 11685 | D:7      | Killed a deep elf pyromancer
 11772 | D:7      | Noticed a boulder beetle
 12099 | D:7      | HP: 3/72 [boulder beetle (13)]
 12101 | D:7      | Slain by a boulder beetle

Illustrated notes

Levels and vault maps discovered:
D:1:      lightli_arrival_noodles, layout_loops_ring,
          shapermc_ecumenical_altar_starsandcircs
D:2:      layout_basic, guppyfry_early_orc_mine
D:3:      layout_loops_corners, jmf_multi_god_temple, serial_shops,
          nicolae_shop_bloodbath_and_beyond, uniq_ijyb, uniq_pargi, uniq_terence
D:4:      layout_basic, serial_bayou_pond_e, corexii_shack, uniq_blork_the_orc
D:5:      layout_rooms, okawaru_trees_2, serial_shops, shop,
          serial_bayou_pond_e, uniq_duvessa
D:6:      layout_basic, mainiacjoe_overflow_alcove_2,
          minmay_temple_entry_drinking_statues
D:7:      layout_loops_ring, elyvilon_altar_5, serial_shops, nicolae_shop_trees

Skill      XL: |  1  2  3  4  5  6  7  8  9 |
---------------+----------------------------+-----
Spellcasting   | 2 3 4 5 7 |  7.6
Long Blades    | 3 4 5 |  5.8
Fire Magic     | 3 4 5 |  5.8
Fighting       | 4 5 6 7 |  7.0

Action                   |  1- 3 |  4- 6 |  7- 9 || total
-------------------------+-------+-------+-------++-------
Melee: Falchion          |   212 |   177 |    98 ||   487
       Punch             |       |     2 |     2 ||     4
Throw: Throwing net      |       |       |     1 ||     1
 Cast: Scorch            |       |     7 |    91 ||    98
Invok: Fiery Armour      |     1 |     6 |     2 ||     9
Evoke: Wand              |       |       |     6 ||     6
  Use: Scroll            |     1 |     6 |     2 ||     9
 Stab: Sleeping          |       |     1 |     1 ||     2
       Held in net/web   |       |       |     1 ||     1
Armor: Robe              |    64 |    54 |    44 ||   162
Dodge: Dodged            |   160 |   111 |   103 ||   374

Table legend: (Time is in decaauts)
 A = Elapsed time spent in this place.
 B = Non-inter-level travel time spent in this place.
 C = Inter-level travel time spent in this place.
 D = Time resting spent in this place.
 E = Time spent auto-exploring this place.
 F = Levels seen in this place.
 G = Mean time per level.
                   A        B        C        D        E       F      G
               +--------+--------+--------+--------+--------+-----+--------+
         Total |  12185 |  12034 |    151 |   5210 |   4616 |   7 | 1740.7 |
       Dungeon |  12185 |  12034 |    151 |   5210 |   4616 |   7 | 1740.7 |
               +--------+--------+--------+--------+--------+-----+--------+

Top non-repeatable levels by time:
     D:1: 2610 daAuts
     D:6: 2210 daAuts
     D:2: 1967 daAuts
     D:4: 1858 daAuts
     D:3: 1618 daAuts
     D:5: 1527 daAuts
     D:7: 393 daAuts
